 Dungeon Crawl Stone Soup version 0.28-a0-1002-gf00fe891ef (webtiles) character file.

Game seed: 16981119312408373919

182 joejoepie the Magician (level 5, 0/36 HPs)
             Began as a Djinni Fire Elementalist on Dec 6, 2021.
             Slain by a hound (5 damage)
             ... on level 4 of the Dungeon.
             The game lasted 00:16:33 (3524 turns).

joejoepie the Magician (Djinni Fire Elementalist)   Turns: 3524, Time: 00:16:34

Health: 0/36       AC:  2    Str:  7    XL:     5   Next: 93%
Gold:   139        EV: 12    Int: 19    God:
                   SH:  0    Dex: 13

rFire   + + .      SeeInvis .   a - +0 short sword
rCold   x . .      Faith    .   (no shield)
rNeg    . . .      Spirit   .   e - +0 robe
rPois   ∞          Reflect  .   (no helmet)
rElec   .          Harm     .   (no cloak)
rCorr   .          Rampage  .   (no gloves)
Will    .....                   (boots unavailable)
Stlth   ++........              (no amulet)
HPRegen 0.12/turn               (no ring)
MPRegen 0.00/turn               (no ring)

@: flying
A: sickness immunity, fire resistance 2, cold vulnerability 1, float, innate
caster, hp casting, extra vitality 1
a: no special abilities


You were on level 4 of the Dungeon.
You visited 1 branch of the dungeon, and saw 4 of its levels.

You collected 139 gold pieces.

Inventory:

Hand Weapons
 a - a +0 short sword (weapon)
 b - a +2 vorpal hunting sling
Missiles
 d - 14 sling bullets
Armour
 e - a +0 robe (worn)
Jewellery
 c - a ring of protection from cold
Scrolls
 g - a scroll of blinking {unknown}
 h - a scroll of amnesia {unknown}
 i - a scroll of identify {unknown}
 j - a scroll of enchant armour {unknown}
Potions
 f - a potion of mutation {unknown}


   Skills:
 + Level 0.6 Fighting
 + Level 2.7 Dodging
 + Level 2.0 Stealth
 + Level 0.4 Unarmed Combat
 * Level 4.3 Spellcasting


You couldn't memorise any spells.
You knew the following spells:

 Your Spells              Type           Power      Damage    Failure   Level
a - Foxfire               Conj/Fire      80%        2x1d8     2%          1
b - Scorch                Fire           40%        2d7       3%          2
c - Conjure Flame         Conj/Fire      20%        6-21      7%          3
d - Inner Flame           Hex/Fire       20%        N/A       7%          3
e - Flame Wave            Conj/Fire      20%        2d6       22%         4
f - Summon Small Mammal   Summ           80%        N/A       2%          1
g - Ensorcelled Hibernat  Hex/Ice        40%        N/A       3%          2
Your spell library was empty.

Dungeon Overview and Level Annotations

Branches:
Dungeon (4/15)
 Temple: D:4-7

Altars:
The Shining One

Annotations:
D:3 Robin


Innate Abilities, Weirdness & Mutations

You are immune to sickness and miasma.
You are immune to poison.
Your flesh is very heat resistant. (rF++)
You are vulnerable to cold. (rC-)
You float through the air rather than walking.
You learn spells naturally, not from books.
Your magical power is your life essence.
You have superior vitality. (+4 HP)


Message History

You fly downwards.
There is a stone staircase leading up here.
There is a fountain of clear blue water here.
Found 2 atropa-tipped darts.
The hobgoblin hits you.
You see here 2 atropa-tipped darts.
The kobold shouts!
The hobgoblin closely misses you.
The centaur skeleton hits you but does no damage.
The centaur skeleton barely misses you. The kobold misses you.
The giant cockroach closely misses you.
The hound skeleton bites you but does no damage.
Found 8 gold pieces and 16 arrows.
The hound skeleton misses you.
A hound and a kobold come into view.
The hound barks!
The kobold shouts!
The hound skeleton misses you.
You hear a shout!
An ogre comes into view. It is wielding a +0 giant club.
The hound bites you.
A giant cockroach comes into view.
The hound bites you.
* * * LOW HITPOINT WARNING * * *
A goblin comes into view. It is wielding a +0 dagger.
The hound misses you.
The goblin shouts!
The hound bites you but does no damage. The giant cockroach bites you.
* * * LOW HITPOINT WARNING * * *
The hound closely misses you. The hound bites you.
* * * LOW HITPOINT WARNING * * *
The hound barely misses you. The hound barely misses you.
Found a stone staircase leading down.
The hound barely misses you.
Found 22 arrows.
The hound bites you.
* * * LOW HITPOINT WARNING * * *
The hound bites you.
You die...

...# .(.. ## ...#
#. #... #####.##
#..#.#
#......####....##
.#......ZB...#...#
.........#h...#
.......Z#.@####
........##....#
##....#.#....#...#
#..###Z#...... ##
####..B#####..#
##...#Z.# >...
#.....g..## ...#
..........# ....
.#........##


You could see a hound and a giant cockroach.

Vanquished Creatures
  An orc priest (D:2)
  2 orc wizards (D:2)
  3 adders
  A worm (D:2)
  8 orcs (D:2)
  4 bats (D:1)
  5 endoplasms
  A giant cockroach (D:1)
  6 hobgoblins
  6 jackals
  A quokka (D:1)
  4 ball pythons
  3 frilled lizards (D:1)
  9 goblins
  3 kobolds
  4 rats
61 creatures vanquished.

Vanquished Creatures (collateral kills)
  A goblin (D:3)
1 creature vanquished.

Vanquished Creatures (others)
  44 foxfires
  6 fungi (D:2)
  4 plants (D:2)
54 creatures vanquished.

Grand Total: 116 creatures vanquished

Notes
Turn   | Place    | Note
-------+----------+-------------------------------------------
     0 | D:1      | joejoepie the Djinni Fire Elementalist began the quest for
                  | the Orb.
     0 | D:1      | Reached XP level 1. HP: 15/15 MP: 0/0
   242 | D:1      | Reached XP level 2. HP: 4/21 MP: 0/0
  1167 | D:1      | Reached skill level 3 in Spellcasting
  1167 | D:1      | Reached XP level 3. HP: 22/25 MP: 0/0
  1167 | D:1      | Learned a level 1 spell: Summon Small Mammal
  1840 | D:2      | Reached XP level 4. HP: 24/31 MP: 0/0
  1858 | D:2      | Reached XP level 5. HP: 16/35 MP: 0/0
  1858 | D:2      | Learned a level 2 spell: Ensorcelled Hibernation
  2077 | D:2      | Reached skill level 4 in Spellcasting
  2677 | D:2      | Found a glowing golden altar of the Shining One.
  3122 | D:2      | Found a faded altar of an unknown god.
  3458 | D:3      | Noticed Robin
  3503 | D:4      | Noticed an ogre
  3524 | D:4      | Slain by a hound

Illustrated notes

Levels and vault maps discovered:
D:1:      wheals_arrival_shading, layout_basic
D:2:      cheibrodos_pilgrimage, layout_loops_ring,
          dreamdust_ecumenical_altar_hidden_monk_grotto, basic_altar,
          minmay_between
D:3:      layout_basic, lemuel_another_geyser, uniq_robin
D:4:      minmay_skewed_foursquare, layout_rooms, minmay_temple_entry_arrows,
          grunt_ministairs_1

Skill      XL: |  1  2  3  4  5 |
---------------+----------------+-----
Spellcasting   | 3 4 |  4.3
Stealth        | 2 |  2.0
Fighting       | |  0.6
Dodging        | |  2.7
Unarmed Combat | |  0.4

Action                   |  1- 3 |  4- 6 || total
-------------------------+-------+-------++-------
Melee: Unarmed           |     6 |       ||     6
       Short sword       |     2 |     4 ||     6
 Cast: Foxfire           |    29 |    12 ||    41
       Scorch            |    22 |    32 ||    54
       Summon Small Mamm |     2 |     8 ||    10
       Ensorcelled Hiber |       |     3 ||     3
 Stab: Sleeping          |       |     1 ||     1
Armor: Robe              |     3 |     4 ||     7
Dodge: Dodged            |    15 |    22 ||    37

Table legend: (Time is in decaauts)
 A = Elapsed time spent in this place.
 B = Non-inter-level travel time spent in this place.
 C = Inter-level travel time spent in this place.
 D = Time resting spent in this place.
 E = Time spent auto-exploring this place.
 F = Levels seen in this place.
 G = Mean time per level.
                   A        B        C        D        E       F      G
               +--------+--------+--------+--------+--------+-----+--------+
         Total |   3523 |   3450 |     73 |   1663 |   1123 |   4 |  880.8 |
       Dungeon |   3523 |   3450 |     73 |   1663 |   1123 |   4 |  880.8 |
               +--------+--------+--------+--------+--------+-----+--------+

Top non-repeatable levels by time:
     D:1: 1706 daAuts
     D:2: 1683 daAuts
     D:3: 90 daAuts
     D:4: 42 daAuts
